 Dungeon Crawl Stone Soup version 0.23.2-40-g277498a001 (webtiles) character file.

Game seed: 4462798925491780808

15297 Exodus22XD the Destroyer (level 12, -5/59 HPs)
             Began as a Deep Elf Wizard on Sept 4, 2019.
             Was an Elder of Sif Muna.
             Slain by a blink frog (18 damage)
             ... on level 4 of the Lair of Beasts.
             The game lasted 01:04:41 (15054 turns).

Exodus22XD the Destroyer (Deep Elf Wizard)         Turns: 15054, Time: 01:04:41

Health: -5/59      AC:  9    Str:  4    XL:     12   Next: 0%
Magic:  8/37       EV: 13    Int: 29    God:    Sif Muna [****..]
Gold:   674        SH:  0    Dex: 13    Spells: 18/31 levels left

rFire    . . .     SeeInvis .   r - +8 spear (pierce)
rCold    + . .     Gourm    .   (no shield)
rNeg     . . .     Faith    .   a - +0 robe
rPois    .         Spirit   .   h - +2 helmet
rElec    .         Reflect  .   y - +2 cloak
rCorr    .         Harm     .   (no gloves)
MR       +....                  l - +0 pair of boots
Stlth    ++........             t - amulet of magic regeneration
HPRegen  0.19/turn              F - ring of magical power
MPRegen  0.50/turn              J - ring of protection from cold (curse)

@: no status effects
A: no striking features
a: Divine Energy, Channel Magic, Forget Spell, Renounce Religion


You were on level 4 of the Lair of Beasts.
You worshipped Sif Muna.
Sif Muna was greatly pleased with you.
You were not hungry.

You visited 3 branches of the dungeon, and saw 14 of its levels.

You collected 674 gold pieces.

Inventory:

Hand Weapons
 r - a +8 spear of piercing (weapon)
Armour
 a - a +0 robe (worn)
 h - a +2 helmet (worn)
 l - a +0 pair of boots (worn)
 y - a +2 cloak (worn)
Magical Staves
 w - an uncursed staff of air
 E - an uncursed staff of summoning
Jewellery
 n - an uncursed amulet of the acrobat {unknown}
 t - an amulet of magic regeneration (around neck)
 A - an uncursed amulet of the acrobat {unknown}
 B - a cursed amulet of inaccuracy {unknown}
 F - a ring of magical power (left hand)
 J - a cursed ring of protection from cold (right hand)
Wands
 f - a wand of random effects (19)
 D - a wand of flame (15)
 H - a wand of paralysis (10)
Scrolls
 e - a scroll of amnesia
 i - 4 scrolls of immolation
 k - 6 scrolls of magic mapping
 p - 6 scrolls of teleportation
 q - 5 scrolls of remove curse
 x - 3 scrolls of fear
 G - a scroll of silence {unknown}
 I - a scroll of enchant armour
Potions
 b - 2 potions of brilliance
 c - 5 potions of flight
 g - 2 potions of might
 j - a potion of lignification
 m - a potion of agility {unknown}
 o - 2 potions of curing
 s - a potion of haste {unknown}
 u - 4 potions of mutation {unknown}
 v - a potion of degeneration {unknown}
 z - 2 potions of resistance {unknown}
 C - 6 potions of heal wounds {unknown}
Comestibles
 d - 23 rations
 K - 7 chunks of flesh


   Skills:
 - Level 2.4 Dodging
 - Level 2.4 Stealth
 - Level 10.0 Spellcasting
 * Level 10.9 Conjurations
 - Level 10.5 Summonings
 - Level 4.2 Translocations
 - Level 7.0 Fire Magic
 - Level 4.9 Ice Magic
 - Level 9.0 Invocations
 - Level 0.1 Evocations


You had 18 spell levels left.
You knew the following spells:

 Your Spells              Type           Power        Failure   Level  Hunger
a - Magic Dart            Conj           ####         1%          1    None
b - Summon Ice Beast      Ice/Summ       ######..     1%          4    None
c - Blink                 Tloc           N/A          1%          2    None
d - Conjure Flame         Conj/Fire      ######..     1%          3    None
e - Mephitic Cloud        Conj/Pois/Air  #####...     2%          3    None

Your spell library contained the following spells:

 Spells                   Type           Power        Failure   Level  Hunger
 Apportation              Tloc           #####.       1%          1    None
 Summon Small Mammal      Summ           ####         1%          1    None
 Call Imp                 Summ           ######..     1%          2    None
 Call Canine Familiar     Summ           ######..     1%          3    None
 Summon Guardian Golem    Hex/Summ       #####...     1%          3    None
 Shroud of Golubria       Chrm/Tloc      ####......   2%          2    None
 Animate Skeleton         Necr           N/A          3%          1    None
 Confusing Touch          Hex            ##....       3%          1    None
 Portal Projectile        Hex/Tloc       ####..       4%          3    None
 Summon Lightning Spire   Summ/Air       #####...     4%          4    None
 Slow                     Hex            ##......     5%          2    None
 Passage of Golubria      Tloc           N/A          6%          4    None
 Malign Gateway           Summ/Tloc      ######....   83%         7    ######.


Dungeon Overview and Level Annotations

Branches:
Dungeon (9/15)             Temple (1/1) D:6            Lair (4/6) D:9
  Swamp (0/4) Lair:4          Orc (0/2) D:9
  Snake: Lair:2-4    Spider: Lair:2-4

Altars:
Ashenzari
Dithmenos
Elyvilon
Fedhas
Gozag
Hepliaklqana
Okawaru
Ru
Sif Muna
Trog
Uskayaw
Vehumet
Wu Jian
Xom
Yredelemnul
Zin
Beogh

Shops:
D:7 *

Annotations:
D:7 exclusion: ice statue
Lair:1 1 runed translucent door, exclusion: 2 oklob plants, Htamos's ghost, novice FeNe


Message History

Press: ? - help, Shift-Dir - straight line, f - blink frog, p - blink frog
Aim: a blink frog (noxious fumes, heavily wounded)
The magic dart hits the blink frog.
The blink frog is severely wounded.
The blink frog is engulfed in noxious fumes.
The blink frog appears confused.
The blink frog hits the fungus! x2
The blink frog blinks!
Casting: Magic Dart (safe; 1% risk of failure)
Confirm with . or Enter, or press ? or * to list all spells.
Aiming: Magic Dart (safe; 1% risk of failure)
Press: ? - help, Shift-Dir - straight line, f/p - blink frog
Aim: a blink frog (noxious fumes, severely wounded, confused)
The magic dart hits the blink frog!
The blink frog is almost dead.
The blink frog is engulfed in noxious fumes.
The blink frog appears confused.
Casting: Magic Dart (safe; 1% risk of failure)
Confirm with . or Enter, or press ? or * to list all spells.
You blink.
The blink frog hits you!!
You die...

#### ### ##
.###P..###P#########.##
......................#
................§....##
.....................P#
P......$..............#
.............§.○○....##
.#....##PF..#.P.Y#...#
........P.>...@F.Y...#
.......P....P##..F...#
................§....#
..#######.#.#.###..#.#
# ##.#.##.÷#####.##..#
................ .#
.....[...P#.##.##. #
<.........######..
.........§§..§....


You could see 3 blink frogs and 2 friendly ice beasts.

Vanquished Creatures
  A hydra (D:8)
  Urug (Lair:1)
  2 elephants (Lair:3)
  Joseph (D:7)
  5 spiny frogs
  3 komodo dragons
  A troll (D:9)
  2 hippogriffs (Lair:1)
  2 dream sheep (D:8)
  Prince Ribbit (D:6)
  2 blink frogs (Lair:4)
  6 yaks
  A basilisk (Lair:1)
  Edmund (D:5)
  6 water moccasins
  4 orc warriors
  An ice beast (D:7)
  4 porcupines
  A hornet zombie (D:7)
  4 ogres
  A sky beast (D:8)
  5 centaurs
  11 wolves
  2 crocodiles
  3 big kobolds (D:8)
  Blork the orc (D:6)
  A gnoll sergeant (D:8)
  6 bullfrogs
  A scorpion (D:9)
  An electric eel (D:7)
  2 howler monkeys (D:8)
  3 crimson imps
  A centaur zombie (D:7)
  10 orc priests
  A jelly (D:7)
  10 orc wizards
  2 hounds
  Crazy Yiuf (D:6)
  A bullfrog skeleton (D:8)
  An iguana (D:5)
  6 worker ants
  A killer bee zombie (D:9)
  2 hound skeletons
  Robin (D:2)
  2 gnolls (D:4)
  15 adders
  A howler monkey skeleton (D:4)
  An ooze (D:2)
  2 adder skeletons (D:9)
  An adder zombie (D:8)
  3 worms
  4 leopard geckos
  31 orcs
  4 giant cockroaches
  14 goblins
  6 hobgoblins
  8 jackals
  4 kobolds
  A quokka (D:8)
  3 ball pythons
  7 bats
  8 frilled lizards
  2 quokka skeletons
  12 rats
252 creatures vanquished.

Vanquished Creatures (collateral kills)
  2 hydras (Lair:2)
  A cyclops (D:9)
  An elephant (Lair:3)
  A black mamba (Lair:2)
  A spiny frog (Lair:2)
  5 komodo dragons
  5 yaks (Lair:1)
  A water moccasin (Lair:1)
  2 porcupines (Lair:2)
  A centaur (D:9)
  4 bullfrogs
  4 gnolls (D:8)
  2 orcs (D:9)
30 creatures vanquished.

Vanquished Creatures (others)
  A bat (D:2)
  A quokka (D:5)
  7 fungi
  2 withered plants (Lair:1)
11 creatures vanquished.

Grand Total: 293 creatures vanquished

Notes
Turn   | Place    | Note
-------+----------+-------------------------------------------
     0 | D:1      | Exodus22XD the Deep Elf Wizard began the quest for the Orb.
     0 | D:1      | Reached XP level 1. HP: 10/10 MP: 7/7
   156 | D:1      | Reached XP level 2. HP: 15/15 MP: 0/9
   680 | D:1      | Reached XP level 3. HP: 19/19 MP: 5/10
  1268 | D:2      | Noticed Robin
  1272 | D:2      | Killed Robin
  1272 | D:2      | Reached XP level 4. HP: 24/24 MP: 1/12
  1815 | D:2      | Learned a level 2 spell: Call Imp
  1818 | D:2      | Learned a level 2 spell: Blink
  1822 | D:2      | Learned a level 3 spell: Conjure Flame
  1826 | D:2      | Learned a level 3 spell: Mephitic Cloud
  2473 | D:3      | Reached skill level 1 in Fire Magic
  2784 | D:3      | Reached XP level 5. HP: 28/28 MP: 10/13
  2862 | D:3      | Found a shimmering altar of Xom.
  3766 | D:4      | Reached XP level 6. HP: 32/32 MP: 5/14
  4488 | D:5      | Entered Level 5 of the Dungeon
  4506 | D:5      | Noticed Edmund
  4509 | D:5      | Reached XP level 7. HP: 36/36 MP: 5/15
  4519 | D:5      | Killed Edmund
  4519 | D:5      | Reached skill level 5 in Conjurations
  4555 | D:5      | HP: 1/36 [poisoned by Edmund]
  4978 | D:5      | Found an opulent altar of Gozag.
  5467 | D:5      | Reached skill level 5 in Spellcasting
  5471 | D:5      | Reached XP level 8. HP: 27/41 MP: 2/19
  6093 | D:6      | Noticed Blork the orc
  6106 | D:6      | Killed Blork the orc
  6260 | D:6      | Found a staircase to the Ecumenical Temple.
  6274 | Temple   | Entered the Ecumenical Temple
  6283 | Temple   | Became a worshipper of Sif Muna the Loreminder
  6316 | D:6      | Found a runed translucent door.
  6317 | D:6      | Noticed Crazy Yiuf
  6327 | D:6      | Killed Crazy Yiuf
  6529 | D:6      | Found a hide-covered altar of Uskayaw.
  6677 | D:6      | Reached skill level 10 in Spellcasting
  6734 | D:6      | Learned a level 4 spell: Summon Ice Beast
  6753 | D:6      | Noticed Prince Ribbit
  6768 | D:6      | Killed Prince Ribbit
  6768 | D:6      | Reached * piety under Sif Muna
  6768 | D:6      | Reached skill level 5 in Summonings
  7082 | D:6      | Found a basalt altar of Yredelemnul.
  7161 | D:7      | Reached XP level 9. HP: 38/45 MP: 22/25
  7456 | D:7      | Noticed Joseph
  7521 | D:7      | Found a sacrificial altar of Ru.
  7575 | D:7      | Noticed an ice statue
  7747 | D:7      | Found an ornate altar of the Wu Jian Council.
  7776 | D:7      | Found an iron altar of Okawaru.
  7820 | D:7      | Reached skill level 1 in Ice Magic
  7886 | D:7      | Found an opulent altar of Gozag.
  7919 | D:7      | Found a white marble altar of Elyvilon.
  7977 | D:7      | Killed Joseph
  8130 | D:7      | Found a bloodstained altar of Trog.
  8184 | D:7      | Found Guen Taet's Assorted Antiques.
  8451 | D:8      | Reached ** piety under Sif Muna
  8499 | D:8      | Noticed a two-headed hydra
  8518 | D:8      | Killed a two-headed hydra
  8518 | D:8      | Reached skill level 10 in Conjurations
  8518 | D:8      | Reached XP level 10. HP: 39/50 MP: 15/26
  8736 | D:8      | Reached skill level 5 in Fire Magic
  8960 | D:8      | Identified Eheomywk's Handbook of Dislocation
  9025 | D:8      | Reached *** piety under Sif Muna
  9259 | D:8      | Lost strength.
  9895 | D:9      | Noticed a cyclops
  9907 | D:9      | Found a staircase to the Lair.
  9948 | D:9      | Found a staircase to the Orcish Mines.
  9990 | D:9      | Found a roughly hewn altar of Beogh.
  9990 | D:9      | Killed a cyclops
 10602 | D:9      | Found a hazy altar of Hepliaklqana.
 10764 | Lair:1   | Entered Level 1 of the Lair of Beasts
 10871 | Lair:1   | Reached **** piety under Sif Muna
 10999 | Lair:1   | Found a runed translucent door.
 11000 | Lair:1   | Noticed Htamos's ghost (novice FeNe)
 11036 | Lair:1   | Reached skill level 10 in Summonings
 11340 | Lair:1   | Reached XP level 11. HP: 53/54 MP: 27/27
 11830 | Lair:1   | Noticed Urug
 11877 | Lair:1   | Killed Urug
 12221 | Lair:1   | Noticed an oklob plant
 12221 | Lair:1   | Noticed an oklob plant
 12422 | Lair:2   | Noticed a four-headed hydra
 12435 | Lair:2   | Killed a four-headed hydra
 12738 | Lair:2   | Noticed a six-headed hydra
 12751 | Lair:2   | Killed a six-headed hydra
 12751 | Lair:2   | Reached skill level 5 in Invocations
 13930 | Lair:3   | Found a bloodstained altar of Trog.
 14963 | Lair:4   | Found a staircase to the Swamp.
 15030 | Lair:4   | Reached XP level 12. HP: 35/59 MP: 28/28
 15054 | Lair:4   | Slain by a blink frog

Skill      XL: |  1  2  3  4  5  6  7  8  9 10 11 |
---------------+----------------------------------+-----
Conjurations   | 2 3 4 7 10 | 10.9
Fire Magic     | 1 4 7 |  7.0
Summonings     | 4 6 7 10 | 10.5
Spellcasting   | 6 10 | 10.0
Ice Magic      | 4 |  4.9
Translocations | 4 |  4.2
Invocations    | 9 |  9.0
Dodging        | |  2.4
Stealth        | |  2.4
Evocations     | |  0.1

Action                   |  1- 3 |  4- 6 |  7- 9 | 10-12 || total
-------------------------+-------+-------+-------+-------++-------
Melee: Spear             |       |    34 |   149 |   211 ||   394
       Short sword       |       |     3 |       |       ||     3
 Cast: Magic Dart        |    72 |   143 |   171 |   288 ||   674
       Mephitic Cloud    |       |     3 |    16 |    19 ||    38
       Conjure Flame     |       |     4 |    24 |    34 ||    62
       Call Imp          |       |       |     1 |       ||     1
       Summon Ice Beast  |       |       |     2 |    44 ||    46
       Blink             |       |       |       |    26 ||    26
  Use: Scroll            |       |     3 |     6 |    12 ||    21
       Potion            |       |       |       |     2 ||     2
 Stab: Confused          |       |     1 |     6 |     3 ||    10
       Distracted        |       |       |       |     1 ||     1
  Eat: Chunk             |     1 |     9 |    10 |    21 ||    41
       Ration            |       |       |     1 |       ||     1
Armor: Robe              |     1 |     9 |    17 |    31 ||    58
Dodge: Dodged            |     8 |    26 |    63 |   100 ||   197
